Map: Green Acres

Players

A.I. 1 (Very Hard)

  • Race: Zerg Zerg
  • Spawn Location: 3:00

larsgj - Winner!

  • Race: Terran Terran
  • Spawn Location: 9:00

VOD

Have the link to the VOD?

Description

Time

  • Played on: Dec. 21, 2022, 6:49 a.m.
  • Length: 23:15
Show
View Real Time Build Order
Export as new Build Order

A.I. 1 (Very Hard) Zerg 

Build Orders: 1 Base Baneling Bust, Pool First, Zergling Baneling 

Get SALT Encoding   

  12  0:00  Drone  
  13  0:08  Drone  
  14  0:17  Overlord  
  14  0:34  Spawning Pool  
  13  0:35  Extractor  
  13  0:39  Drone  
  13  0:43  Drone  
  13  0:48  Drone  
  15  1:21  Queen, Zergling x2  
  15  1:22  Zergling x4  
  20  1:32  Zergling x2  
  21  1:37  Baneling Nest  
  20  1:43  Drone  
  21  1:54  Zergling x2  
  22  2:05  Overlord  
  22  2:23  Zergling x2, Baneling  
  22  2:26  Zergling x2, Baneling  
  22  2:27  Baneling  
  22  2:28  Zergling x6, Baneling x2  
  27  2:36  Baneling  
  27  2:38  Zergling x2, Baneling  
  28  2:48  Zergling x2  
  28  3:00  Overlord, Zergling x2  
  29  3:18  Baneling, Zergling x4  
  31  3:22  Zergling x2  
  32  3:31  Zergling x2  
  32  3:32  Zergling x4  
  31  3:35  Baneling  
  31  3:36  Baneling  
  31  3:39  Baneling  
  31  3:45  Zergling x2  
  32  3:49  Baneling x3  
  32  3:50  Zergling x2  
  33  3:58  Zergling x2  
  34  4:04  Zergling x2  
  34  4:08  Baneling  
  34  4:09  Zergling x2  
  35  4:14  Zergling x2  
  32  4:20  Drone  
  32  4:31  Overlord  
  32  4:47  Roach Warren  
  31  5:00  Lair  
  31  5:25  Extractor  
  31  5:26  Drone  
  31  5:28  Roach  
  33  5:36  Roach  
  35  5:45  Roach  
  37  5:52  Roach  
  39  5:58  Overlord  
  39  5:59  Hydralisk Den  
  38  6:06  Drone  
  39  6:11  Drone  
  39  6:17  Drone  
  41  6:24  Drone  
  42  6:28  Hydralisk  
  44  6:34  Hydralisk  
  46  6:43  Hydralisk  
  48  6:51  Overlord  
  48  7:00  Hydralisk  
  50  7:05  Drone  
  51  7:09  Drone  
  51  7:14  Drone  
  53  7:18  Drone  
  53  7:21  Drone  
  55  7:26  Drone  
  56  7:34  Overlord  
  56  7:37  Drone  
  57  7:46  Drone  
  58  8:00  Hydralisk, Overseer  
  58  8:01  Roach x2  
  64  8:11  Overlord  
  64  8:23  Hatchery  
  63  8:27  Roach  
  63  8:32  Roach  
  67  8:38  Hydralisk  
  67  8:39  Ravager  
  70  8:45  Overlord  
  70  8:50  Roach  
  70  8:52  Ravager  
  73  8:56  Roach  
  75  9:05  Lurker Den  
  75  9:07  Drone  
  75  9:12  Roach  
  77  9:18  Overlord  
  77  9:23  Roach  
  79  9:28  Hydralisk  
  81  9:33  Hydralisk  
  81  9:37  Drone  
  84  9:42  Drone  
  85  9:47  Drone  
  85  9:51  Drone  
  87  9:54  Drone  
  87  9:59  Overlord  
  88  10:02  Drone  
  88  10:03  Lurker  
  88  10:05  Drone  
  91  10:07  Drone  
  91  10:09  Drone  
  91  10:12  Drone  
  91  10:14  Drone  
  95  10:18  Drone  
  96  10:24  Overlord  
  96  10:25  Drone  
  96  10:28  Drone  
  98  10:30  Drone  
  100  10:35  Drone  
  100  10:39  Drone  
  101  10:43  Centrifugal Hooks  
  101  10:45  Hydralisk  
  103  10:50  Overlord, Metabolic Boost  
  103  10:57  Evolution Chamber  
  102  11:12  Evolution Chamber  
  102  11:15  Evolution Chamber  
  102  11:18  Queen  
  102  11:23  Zerg Missile Weapons Level 1  
  102  11:27  Lurker  
  102  11:28  Hydralisk  
  102  11:29  Extractor, Drone  
  102  11:31  Hatchery  
  104  11:38  Drone, Zerg Ground Armor Level 1  
  105  11:41  Zerg Melee Weapons Level 1  
  105  11:54  Drone  
  105  11:57  Drone  
  107  12:03  Extractor  
  107  12:04  Drone  
  107  12:07  Spire  
  107  12:08  Drone  
  107  12:22  Spine Crawler  
  106  12:25  Drone  
  106  12:26  Drone, Overlord  
  106  12:28  Drone, Spine Crawler  
  108  12:37  Infestation Pit  
  108  12:44  Drone x3  
  108  12:46  Drone  
  111  12:55  Extractor, Drone  
  111  12:57  Drone  
  112  12:59  Drone  
  112  13:01  Drone  
  112  13:03  Drone  
  112  13:05  Drone  
  116  13:07  Drone  
  116  13:08  Drone  
  116  13:12  Overlord  
  118  13:13  Drone x2  
  118  13:14  Drone x2, Hive  
  122  13:20  Drone  
  122  13:22  Drone  
  122  13:23  Corruptor  
  122  13:25  Drone  
  122  13:26  Drone  
  128  13:27  Drone  
  128  13:29  Drone  
  128  13:30  Drone  
  128  13:33  Overlord  
  131  13:35  Drone  
  131  13:37  Drone  
  131  13:38  Drone  
  134  13:42  Corruptor  
  134  13:44  Infestor  
  134  13:47  Infestor  
  140  13:52  Spore Crawler  
  140  13:53  Spore Crawler  
  140  13:54  Overlord  
  138  13:55  Drone  
  138  13:57  Drone  
  138  13:59  Infestor  
  142  14:03  Queen  
  142  14:08  Infestor  
  146  14:13  Overlord  
  146  14:20  Infestor  
  146  14:21  Extractor  
  146  14:23  Drone  
  148  14:26  Greater Spire  
  148  14:30  Infestor  
  150  14:33  Overlord  
  150  14:45  Drone x3, Spine Crawler, Viper  
  152  14:46  Drone  
  152  14:48  Spore Crawler  
  152  14:50  Drone  
  156  14:52  Overlord  
  156  14:55  Spine Crawler  
  156  14:57  Drone, Spine Crawler, Corruptor  
  155  15:04  Corruptor x2  
  159  15:11  Corruptor  
  159  15:19  Spine Crawler, Corruptor  
  160  15:26  Corruptor  
  158  15:29  Zergling x2  
  158  15:30  Zergling x2  
  158  15:31  Zergling x4  
  158  15:32  Zergling x2  
  143  15:36  Spore Crawler  
  143  15:39  Spore Crawler, Corruptor  
  143  15:42  Spore Crawler  
  126  15:43  Hydralisk  
  126  15:46  Roach  
  126  15:47  Baneling  
  126  15:48  Roach, Baneling  
  126  15:49  Baneling, Brood Lord  
  126  15:51  Hydralisk  
  126  15:53  Roach  
  126  15:56  Roach  
  117  15:57  Roach  
  117  16:00  Hydralisk  
  116  16:12  Brood Lord  
  116  16:16  Hatchery  
  117  16:19  Corruptor  
  119  16:26  Corruptor  
  121  16:34  Corruptor  
  123  16:41  Corruptor  
  125  16:47  Spine Crawler  
  125  16:49  Corruptor  
  126  16:56  Corruptor  
  128  17:03  Corruptor  
  128  17:04  Queen  
  132  17:10  Hatchery  
  132  17:11  Overseer  
  132  17:14  Corruptor  
  133  17:21  Queen  
  133  17:22  Zergling x4  
  132  17:23  Zergling x2, Corruptor  
  132  17:28  Overlord  
  130  17:32  Corruptor  
  83  18:13  Spawning Pool  
  65  18:22  Drone x3  
  65  18:23  Drone x3  
  65  18:24  Drone x3  
  74  18:28  Extractor  
  74  18:29  Drone  
  74  18:31  Extractor, Drone  
  72  18:38  Overlord  
  72  18:39  Spawning Pool  
  71  18:42  Overlord  
  71  18:43  Overlord x2  
  71  18:45  Overlord  
  71  18:46  Overlord  
  71  18:57  Overlord  
  59  19:04  Drone x2  
  59  19:05  Drone x2  
  53  19:10  Overlord  
  53  19:14  Overlord  
  53  19:15  Overlord  
  52  19:18  Overlord  
  52  19:19  Overlord  
  52  19:22  Overlord  
  52  19:28  Spawning Pool  
  51  19:38  Drone x6  
  40  19:39  Drone x4  
  40  19:40  Drone  
  40  19:44  Hatchery  
  36  19:57  Extractor  
  36  19:59  Drone  
  37  20:00  Drone  
  37  20:01  Drone x3  
  40  20:10  Hatchery  
  29  20:17  Drone  
  29  20:18  Drone  
  22  20:22  Extractor  
  1  20:55  Drone  
  2  21:06  Drone  
  3  21:17  Drone  
  4  21:22  Drone, Spawning Pool  
  4  21:27  Drone  
  4  21:29  Extractor  
  4  21:32  Drone  
  5  21:38  Drone  
  6  21:43  Drone  
  2  21:49  Drone  
  2  21:54  Drone  
  3  22:00  Drone  
  3  22:04  Drone  
  2  22:10  Drone  
  2  22:11  Queen  
  2  22:15  Drone  
  4  22:26  Drone  
  3  22:36  Overlord  
  2  22:47  Drone  
Show
View Real Time Build Order
Export as new Build Order

larsgj Terran - Winner!

Build Orders:  

Get SALT Encoding   

  12  0:00  SCV  
  13  0:12  SCV  
  14  0:25  SCV, Supply Depot  
  15  0:47  SCV  
  16  0:52  Engineering Bay  
  16  0:59  SCV  
  16  1:00  Barracks  
  17  1:11  SCV  
  18  1:23  SCV  
  19  1:31  Command Center  
  19  1:46  Refinery  
  19  1:47  Marine  
  20  1:57  Barracks  
  20  2:01  SCV  
  20  2:05  Marine  
  22  2:10  Refinery  
  22  2:13  SCV  
  23  2:29  Supply Depot  
  23  2:42  Marine  
  23  2:43  SCV  
  25  2:45  SCV  
  26  2:51  Refinery  
  26  2:56  Terran Infantry Weapons Level 1  
  26  2:57  SCV  
  27  3:05  Supply Depot  
  27  3:09  SCV  
  27  3:10  Marine  
  27  3:12  Marine  
  30  3:21  SCV  
  30  3:24  Bunker  
  31  3:28  Supply Depot  
  31  3:33  Marine x2, SCV  
  32  3:51  Marine x2  
  34  4:07  Bunker  
  34  4:09  Marine  
  33  4:34  Command Center  
  33  4:48  Bunker  
  33  4:50  Terran Infantry Armor Level 1  
  33  4:55  Barracks Tech Lab  
  33  4:56  Marine  
  34  5:10  SCV  
  34  5:14  Marine  
  35  5:19  Bunker  
  35  5:20  Combat Shield  
  36  5:22  SCV  
  37  5:31  Marine  
  37  5:35  SCV  
  39  5:46  Marine  
  39  5:49  Marine  
  41  5:50  Bunker  
  41  6:04  Marine  
  41  6:05  Factory  
  41  6:07  Marine  
  43  6:21  Marine  
  43  6:25  Marine  
  45  6:37  SCV  
  46  6:49  SCV  
  46  6:51  Refinery  
  47  7:01  SCV  
  47  7:03  Starport  
  48  7:08  Armory  
  48  7:11  SCV  
  48  7:14  SCV  
  50  7:23  SCV  
  50  7:26  SCV  
  52  7:35  SCV  
  53  7:38  SCV  
  54  7:47  SCV  
  54  7:50  SCV, Starport Tech Lab  
  56  7:59  SCV  
  56  8:00  Fusion Core  
  56  8:02  SCV  
  58  8:06  Terran Vehicle And Ship Armor Level 1  
  58  8:10  Starport  
  58  8:13  Marine x2  
  58  8:14  SCV  
  61  8:26  SCV  
  62  8:45  Supply Depot x3  
  62  8:46  Supply Depot  
  62  8:47  Supply Depot  
  62  8:48  Supply Depot  
  62  8:50  Starport Tech Lab  
  62  9:06  Marine x2  
  64  9:24  Marine x2  
  66  9:35  Missile Turret  
  66  9:38  Missile Turret  
  66  9:42  Marine x2, Missile Turret  
  66  9:43  Battlecruiser  
  74  9:46  Battlecruiser  
  80  9:57  Weapon Refit  
  80  9:59  Marine x2  
  80  10:00  Terran Ship Weapons Level 1, Missile Turret  
  82  10:09  Missile Turret  
  82  10:16  Missile Turret  
  82  10:32  Command Center  
  82  10:47  Battlecruiser  
  88  10:50  Starport  
  88  11:14  Neosteel Armor  
  88  11:21  Orbital Command  
  88  11:25  Orbital Command  
  88  11:47  SCV  
  88  11:53  Refinery  
  88  11:54  Terran Vehicle And Ship Armor Level 2  
  89  12:00  SCV, Starport Tech Lab  
  90  12:10  Missile Turret  
  90  12:12  SCV  
  91  12:24  Battlecruiser, SCV  
  98  12:31  Missile Turret  
  98  12:36  SCV  
  99  12:43  Battlecruiser  
  105  12:49  SCV  
  106  12:55  Hi-Sec Auto Tracking, Refinery  
  106  13:01  SCV  
  107  13:11  Missile Turret  
  107  13:13  SCV  
  107  13:17  Battlecruiser  
  114  13:25  SCV  
  115  13:28  Battlecruiser  
  115  13:32  Missile Turret  
  115  13:33  Marauder  
  123  13:38  SCV  
  124  13:50  SCV  
  124  13:51  Terran Infantry Weapons Level 2  
  124  13:53  Missile Turret  
  125  13:59  Battlecruiser, Marauder  
  125  14:02  SCV  
  134  14:14  Orbital Command  
  134  14:18  Terran Vehicle And Ship Armor Level 3  
  134  14:20  Marauder  
  134  14:21  Battlecruiser  
  142  14:40  Battlecruiser  
  116  15:52  Battlecruiser  
  116  15:53  Battlecruiser x2  
  134  16:07  Terran Infantry Armor Level 2  
  134  16:23  Missile Turret  
  134  16:43  Missile Turret  
  134  16:45  Marauder  
  136  16:55  Terran Ship Weapons Level 2  
  136  16:57  Battlecruiser x2  
  148  17:03  Missile Turret  
  148  17:23  Missile Turret  
  148  17:42  Missile Turret  
  148  17:47  Battlecruiser  
  148  18:02  Missile Turret  
  148  18:23  Missile Turret  
  148  18:44  Missile Turret  
  148  22:40  Marauder  
  170  23:07  Command Center  
  170  23:14  Command Center  
Tags
 
Add a new tag
Caveats
  • Supply blocks, unpowered buildings, or Contaminate may cause inaccurate times.
  • Supply counts are checked every 10 seconds.